[Event "Early-Titled-Tuesday-Blitz-April-16-2024"]
[Site "Chess.com"]
[Date "2024.04.16"]
[Round "1"]
[White "dcremisi"]
[Black "BallottiLuca"]
[Result "1-0"]
[WhiteElo "2678"]
[BlackElo "2380"]
[TimeControl "180+1"]
[EndTime "8:07:58 PDT"]
[Termination "dcremisi won by checkmate"]

1. d4 d5 2. c4 c6 3. Nc3 dxc4 4. e3 b5 5. a4 b4 6. Nce2 Nf6 7. Nf4 Ba6 8. Nf3 e6 9. Ne5 Nbd7 10. Bxc4 Bxc4 11.
Nxc4 c5 12. d5 exd5 13. Nxd5 Nxd5 14. Qxd5 Be7 15. O-O O-O 16. b3 Nb6 17. Nxb6 axb6 18. Qc4 Bf6 19. Rb1 Qd6 20. e4 Rad8 21. Be3 Qd3 22. Qxd3 Rxd3 23. Rfd1 Rfd8 24. Rxd3 Rxd3 25. Kf1 Kf8 26. Ke2 Rd7 27. Rd1 Ke7 28. Rxd7+ Kxd7 29. Kd3 Kc6 30. Kc4 g6 31. f4 Be7 32. g4 Bf8 33. e5 Be7 34. f5 Bd8 35. Bh6 gxf5 36. gxf5 Bc7 37. Bg7 h5 38. h3 Bd8 39. f6 Kd7 40.
Kd5 Bc7 41. Bf8 Bb8 42. a5 bxa5 43. Bxc5 Bc7 44. Bd4 Bd8 45. Bc5 Bc7 46. Be7 Bb6 47.
Bd6 Bd8 48. Kc5 Ke6 49. Kb5 Kd5 50. Ka4 Ke6 51. Kb5 Kd5 52. Ka6 Ke6 53. Kb7 Kd7 54. Bc5 Ke6 55. Kc8 Bxf6 56. exf6 Kxf6 57. Bb6 Kg5 58. Bxa5 f5 59. Bxb4 Kh4 60. Bd6 Kxh3 61. b4 Kg4 62. b5 f4 63. Bxf4 Kxf4 64. b6 h4 65. b7 h3 66. b8=Q+ Kf3 67. Qh2 Kg4 68.
Kd7 Kh4 69. Ke6 Kg4 70. Ke5 Kh4 71. Kf5 Kh5 72. Qxh3# 1-0

[Event "Early-Titled-Tuesday-Blitz-April-16-2024"]
[Site "Chess.com"]
[Date "2024.04.16"]
[Round "1"]
[White "Caroexpert"]
[Black "Yonousomodulo"]
[Result "1/2-1/2"]
[WhiteElo "2698"]
[BlackElo "2420"]
[TimeControl "180+1"]
[EndTime "8:07:59 PDT"]
[Termination "Game drawn by repetition"]

1. Nf3 Nf6 2. e3 d5 3. c4 e6 4. b3 Be7 5. Bb2 O-O 6. Be2 c5 7. d4 Nc6 8. O-O b6 9. Nc3 cxd4 10. Nxd4 Nxd4 11. Qxd4 dxc4 12. Qxc4 Bb7 13. Rfd1 Qc8 14. Nb5 Qxc4 15. Bxc4 a6 16. Nd6 Bd5 17. Nf5 Bd8 18. Bxf6 Bxf6 19. Bxd5 exf5 20. Bxa8 Bxa1 21. Bb7 Bf6 22.
Bxa6 Ra8 23. Bc4 Rxa2 24. g3 Ra1 25. Rxa1 Bxa1 26. Kf1 Kf8 27. Ke2 Ke7 28. Kf3 Be5 29. Ke2 f6 30. f4 Bd6 31. Bg8 h6 32. Bh7 Ke6 33. Kd3 Bc5 34. h3 g5 35. Bg8+ Ke7 36.
Bh7 Ke6 37. g4 fxg4 38. hxg4 Kd6 39. Ke4 Ke7 40. Bf5 Kd6 41. Kd3 Kd5 42. e4+ Kd6 43. fxg5 hxg5 44. Kc4 Ke5 45. Kb5 Bf2 46. b4 Be3 47. Kc6 Bf2 48. b5 Be3 49. Kb7 Bf2 50. Kc6 Be3 51. Kb7 Kd6 52. Ka6 Bf2 53. Ka7 Be3 54. Ka6 Bf2 55. Kb7 Be3 56. Ka6 1/2-1/2

[Event "Early-Titled-Tuesday-Blitz-April-16-2024"]
[Site "Chess.com"]
[Date "2024.04.16"]
[Round "1"]
[White "HeroWilczek"]
[Black "ProtectiveCarrot"]
[Result "1/2-1/2"]
[WhiteElo "2598"]
[BlackElo "2289"]
[TimeControl "180+1"]
[EndTime "8:08:00 PDT"]
[Termination "Game drawn - insufficient material"]

1. e4 c6 2. b3 d5 3. exd5 cxd5 4. Bb2 Nc6 5. Ne2 e5 6. g3 Nf6 7. Bg2 Be7 8. O-O O-O 9. d4 e4 10. c4 Bf5 11. Nbc3 dxc4 12. bxc4 Na5 13. Qa4 Bd7 14.
Qc2 Nxc4 15. Nxe4 Nxb2 16. Qxb2 Bc6 17. Nxf6+ Bxf6 18. Bxc6 bxc6 19. Rac1 Qd6 20. Rfd1 Rab8 21. Qc3 Rfe8 22. Nf4 Rb6 23. Nh5 Bg5 24. Rb1 g6 25. Qa5 Rxb1 26. Rxb1 Qd5 27. Qxd5 cxd5 28. Nf4 Bxf4 29.
gxf4 Re4 30. Rb7 Rxf4 31. Rb4 Kg7 32. Kg2 g5 33. f3 Kg6 34. Ra4 h5 35. h3 f6 36. Kg3 Kf5 37. a3 g4 38. hxg4+ hxg4 39. fxg4+ Rxg4+ 40. Kf3 Rh4 41. Ra5 Rxd4 42. Rxa7 Rd3+ 43.
Ke2 Ke4 44. a4 Ra3 45. a5 Ra2+ 46. Kd1 d4 47. a6 Kd3 48. Kc1 f5 49. Rf7 Rxa6 50.
Rxf5 Kc3 51. Rc5+ Kd3 52. Rc8 Rb6 53. Rc7 Rb3 54. Rh7 Rb5 55. Rh3+ Kc4 56. Kc2 Rg5 57. Rh2 d3+ 58. Kd2 Rg4 59. Rh8 Rg2+ 60. Kd1 Kc3 61.
Rc8+ Kd4 62. Rd8+ Ke3 63. Re8+ Kf3 64. Rf8+ Kg3 65. Rg8+ Kf2 66. Rxg2+ Kxg2 67. Kd2 Kf3 68. Kxd3 1/2-1/2

[Event "Early-Titled-Tuesday-Blitz-April-16-2024"]
[Site "Chess.com"]
[Date "2024.04.16"]
[Round "1"]
[White "Vahe_Danielyan"]
[Black "NowInChess"]
[Result "1-0"]
[WhiteElo "2591"]
[BlackElo "2224"]
[TimeControl "180+1"]
[EndTime "8:08:01 PDT"]
[Termination "Vahe_Danielyan won by resignation"]

1. e4 e6 2. d3 d5 3. Nd2 Nf6 4. Ngf3 Nc6 5. g3 dxe4 6. dxe4 e5 7. Bg2 Bc5 8. O-O O-O 9. c3 a5 10. Qe2 b6 11. Nc4 Ba6 12. b3 Ne8 13. Bg5 f6 14.
Rfd1 Qe7 15. Be3 Bxe3 16. Qxe3 Bxc4 17. bxc4 Nd6 18. Bf1 Nb7 19. Nd2 Rfd8 20. c5 Nxc5 21.
Bc4+ Kh8 22. Bd5 Qe8 23. Nf3 Rab8 24. Nh4 Ne7 25. Bc4 c6 26. Qf3 Rxd1+ 27. Rxd1 Rd8 28. Rxd8 Qxd8 29. Kg2 b5 30. Be2 Qd2 31. Qh5 g6 32.
Qf3 Kg7 33. Bf1 Qc2 34. Kg1 Qxe4 35. Qd1 Qd5 36. Qc1 Nd3 37. Qc2 Ne1 38. Qe2 g5 39. Qxe1 gxh4 40. Bg2 Qxa2 41. Qd1 Qe6 42. gxh4 Ng6 43.
Qd8 Nxh4 44. Qc7+ Kh6 45. h3 Nxg2 46. Kxg2 a4 47. Qb8 Qe7 48. Qa8 a3 49. Qxc6 a2 50. Qa6 Qc5 51. Qxf6+ Kh5 52. Qf5+ Kh6 53. Qf6+ Kh5 54.
h4 Qd5+ 55. Kh2 Qd2 56. Qxe5+ Kxh4 57. Qg3+ Kh5 58. Qf3+ Kg6 59. Qc6+ Kf5 60. Qxb5+ Ke4 61. Qa4+ Kd3 62. Qa6+ Kxc3 63. Qa5+ Kc2 64. Qxa2+ Kd1 65. Qxd2+ Kxd2 66. f4 Ke3 67. f5 Kf4 68. f6 1-0

[Event "Early-Titled-Tuesday-Blitz-April-16-2024"]
[Site "Chess.com"]
[Date "2024.04.16"]
[Round "1"]
[White "Alexei_Gubajdullin"]
[Black "ViktoriyaTarasova"]
[Result "1/2-1/2"]
[WhiteElo "2631"]
[BlackElo "2346"]
[TimeControl "180+1"]
[EndTime "8:08:02 PDT"]
[Termination "Game drawn by repetition"]

1. Nf3 Nf6 2. g3 b6 3. Bg2 Bb7 4. O-O c5 5. c4 e6 6. b3 Be7 7.
Bb2 O-O 8. Nc3 Na6 9. e3 d5 10. Qe2 d4 11. exd4 cxd4 12. Nb5 d3 13. Qe5 Nc5 14.
Nfd4 Bxg2 15. Kxg2 Qc8 16. Nd6 Qb8 17. N4f5 Bxd6 18. Nxd6 Rd8 19. Nb5 a6 20. Qxb8 Raxb8 21. Bxf6 gxf6 22. Nc3 f5 23. Rfe1 b5 24. cxb5 axb5 25.
Rac1 b4 26. Nd1 Rdc8 27. Nb2 f6 28. Rc4 Ne4 29. Rxc8+ Rxc8 30. Nxd3 Rc2 31. Nxb4 Rxd2 32. Rf1 Nc3 33. a4 Rb2 34. Ra1 Rxb3 35. Nc6 Rb6 36.
Nd4 Kf7 37. a5 Ra6 38. Nb3 Nd5 39. Nc5 Ra7 40. a6 Ke7 41. Rb1 Kd6 42. Rb7 Ra8 43.
Nd3 Rxa6 44. Rxh7 Ra2 45. h4 Ne3+ 46. Kg1 Ng4 47. h5 Rd2 48. Rh8 Ke7 49. h6 Nxh6 50. Rh7+ Kd6 51. Rxh6 Rxd3 52. Rxf6 Rd1+ 53. Kg2 Ke7 54. Rh6 Rd2 55. Kf3 Kf7 56. Rh7+ Kf6 57. Rh6+ Kf7 58. Rh8 Kf6 59. Rh6+ Kf7 1/2-1/2

[Event "Early-Titled-Tuesday-Blitz-April-16-2024"]
[Site "Chess.com"]
[Date "2024.04.16"]
[Round "1"]
[White "vasblesk"]
[Black "DvaHrasta"]
[Result "1-0"]
[WhiteElo "2822"]
[BlackElo "2466"]
[TimeControl "180+1"]
[EndTime "8:08:03 PDT"]
[Termination "vasblesk won on time"]

1. d4 Nf6 2. c4 e6 3. Nf3 Bb4+ 4.
Bd2 Be7 5. g3 O-O 6. Bg2 d5 7.
O-O c6 8. Qc2 a5 9. Rd1 b6 10.
Bf4 Nbd7 11. Ne5 Nxe5 12. dxe5 Nd7 13. cxd5 cxd5 14. e4 d4 15. Rxd4 Ba6 16. Qd1 Ra7 17. Nc3 Rc7 18. h4 h6 19. h5 Qc8 20. a3 Rd8 21.
Rd2 Bc4 22. Qg4 Kf8 23. Rad1 Nc5 24. Rxd8+ Bxd8 25. Rd6 b5 26. Be3 Nd3 27. Qd1 Be7 28. Rxd3 Bxd3 29. Qxd3 b4 30. axb4 axb4 31. Nb5 Rc2 32.
b3 Rb2 33. Nd4 Qc3 34. Qb5 Kg8 35. Qe8+ Bf8 36. Kh2 Rb1 37. g4 Re1 38. Qd8 Rxe3 39. fxe3 Qxe3 40. Bf3 Qf2+ 41. Kh3 Qf1+ 42. Kg3 Qe1+ 43.
Kg2 Qd2+ 44. Kf1 Qc1+ 45. Ke2 Qb2+ 46. Kd1 Qb1+ 47. Ke2 Qb2+ 48. Ke1 Qc3+ 49. Kd1 Qa1+ 50. Kc2 Qa2+ 51. Kd3 Qb1+ 52. Kc4 Qc2+ 53. Nxc2 1-0

[Event "Early-Titled-Tuesday-Blitz-April-16-2024"]
[Site "Chess.com"]
[Date "2024.04.16"]
[Round "1"]
[White "Hudijegszid"]
[Black "GMSrinath"]
[Result "0-1"]
[WhiteElo "2451"]
[BlackElo "2808"]
[TimeControl "180+1"]
[EndTime "8:08:03 PDT"]
[Termination "GMSrinath won by resignation"]

1. Nf3 d5 2. g3 g6 3. Bg2 Bg7 4.
d4 Nf6 5. O-O O-O 6. Bf4 c6 7.
Nbd2 Nbd7 8. Re1 c5 9. c3 b6 10.
Ne5 Bb7 11. a4 Nh5 12. Nxd7 Qxd7 13. Be3 cxd4 14. cxd4 e5 15. dxe5 Bxe5 16. Nc4 Bg7 17.
Bd4 dxc4 18. Bxg7 Qxd1 19. Rexd1 Nxg7 20. Bxb7 Rad8 21. Ba6 c3 22. bxc3 Ne6 23. Bc4 Nc5 24. Bd5 Kg7 25. a5 Rd6 26. axb6 axb6 27. c4 Rfd8 28.
Rdb1 R8d7 29. Ra8 Ne6 30. Rb8 Nd4 31. R1xb6 Nxe2+ 32. Kf1 Nc3 33. Rxd6 Rxd6 34. Bf3 Rf6 35. Kg2 Na4 36. Rc8 Rf5 37. Rc6 h5 38. h3 Re5 39.
Bd5 Nc3 40. Rd6 Rf5 41. f4 h4 42. Kf3 hxg3 43. Kxg3 Ne2+ 44. Kf3 Ng1+ 45. Kg2 Ne2 46. Kf3 Nc3 47. Be4 Rh5 48. Bd5 Rxh3+ 49. Kg4 Rh5 50. Rd7 Rf5 51. Be6 Rf6 52. Bd5 Ne2 53. c5 Rxf4+ 54.
Kh3 Rf6 55. Kh2 Nf4 56. Bf3 Ne6 57. Bd5 Nxc5 58. Rc7 Nd3 59. Rd7 Ne5 60. Ba2 Nxd7 0-1

[Event "Early-Titled-Tuesday-Blitz-April-16-2024"]
[Site "Chess.com"]
[Date "2024.04.16"]
[Round "1"]
[White "AlessiaSanteramo"]
[Black "ArmanGhevondyanchess"]
[Result "0-1"]
[WhiteElo "2313"]
[BlackElo "2619"]
[TimeControl "180+1"]
[EndTime "8:08:03 PDT"]
[Termination "ArmanGhevondyanchess won by resignation"]

1. e4 c5 2. Nf3 Nc6 3. Bb5 g6 4. Bxc6 bxc6 5. O-O Bg7 6. Re1 Nh6 7. c3 O-O 8. d4 cxd4 9. cxd4 d6 10. Nc3 f6 11.
Be3 Rb8 12. Qc2 Bd7 13. Rad1 Qa5 14. b3 Qh5 15. h3 Bxh3 16. Ne2 Bd7 17. Nf4 Qa5 18.
Qc1 Ng4 19. Qc4+ Kh8 20. Re2 Nxe3 21. fxe3 Rb4 22. Qc2 Qa6 23. Nd3 Rb5 24. e5 fxe5 25. dxe5 Bg4 26. exd6 exd6 27. Rf2 Rbf5 28. Nf4 Bxf3 29.
Rxf3 Be5 30. Rdf1 g5 31. Ne6 Rxf3 32. Rxf3 Rxf3 33. gxf3 Qa5 34. Nxg5 Qe1+ 35. Kg2 Qg3+ 36. Kf1 Qxg5 37. Qxc6 Qe7 38. Qc8+ Kg7 39. Qg4+ Kf7 40. Ke2 Bf6 41. Qh5+ Kg7 42. Qg4+ Kf8 43. Qc8+ Kf7 44. Qc4+ Qe6 45. Qc7+ Be7 46. Qxa7 h5 47. Qd4 h4 48.
Qf4+ Ke8 49. a4 h3 50. a5 Qxb3 51. Kf2 Qa2+ 52. Kg3 Qxa5 53. Kxh3 Kd7 54. Qg4+ Kc7 55. Kg3 d5 56. Qf4+ Bd6 0-1

[Event "Early-Titled-Tuesday-Blitz-April-16-2024"]
[Site "Chess.com"]
[Date "2024.04.16"]
[Round "1"]
[White "francyIM"]
[Black "GreenPeach24"]
[Result "1-0"]
[WhiteElo "2807"]
[BlackElo "2450"]
[TimeControl "180+1"]
[EndTime "8:08:04 PDT"]
[Termination "francyIM won on time"]

1. Nf3 Nf6 2. b3 g6 3. Bb2 Bg7 4. g3 O-O 5. Bg2 c5 6. c4 Nc6 7.
O-O d5 8. cxd5 Nxd5 9. Bxg7 Kxg7 10. Qc1 Qd6 11. Na3 b6 12. d4 Nxd4 13. Nxd4 cxd4 14. Nb5 Qe5 15. f4 Qh5 16. Qd2 Bh3 17. Qxd4+ Nf6 18. Bxa8 Bxf1 19. Rxf1 Rxa8 20. Nc3 Rc8 21. e4 Qc5 22. Qxc5 Rxc5 23. Rf3 e5 24. Kg2 a5 25. Rd3 b5 26. Kf3 b4 27. Nd1 exf4 28. gxf4 Rc2 29. e5 Nh5 30. f5 gxf5 31. Ne3 Rxh2 32. Nxf5+ Kg6 33. Ne7+ Kg5 34. Rd5 Rxa2 35. Rb5 Kh6 36. Kg4 Ng7 37. e6 Nxe6 38. Kf5 Kg7 39. Ke5 Ra3 40.
Rb8 Rxb3 41. Nf5+ Kg6 42. Rg8+ Kh5 43. Kf6 Rf3 44. Ke5 Rf1 45. Ng3+ Kh4 46. Nxf1 b3 47.
Nd2 b2 48. Rb8 Nc5 49. Kd4 Na4 50. Nc4 f5 51. Nxb2 Nxb2 52. Rxb2 f4 53. Ke4 Kg3 54. Rb3+ Kg4 55. Rf3 1-0

[Event "Early-Titled-Tuesday-Blitz-April-16-2024"]
[Site "Chess.com"]
[Date "2024.04.16"]
[Round "1"]
[White "TERMINATOR_PC"]
[Black "JiiHart"]
[Result "1-0"]
[WhiteElo "2575"]
[BlackElo "2162"]
[TimeControl "180+1"]
[EndTime "8:08:06 PDT"]
[Termination "TERMINATOR_PC won by resignation"]

1. e4 c5 2. Nf3 Nc6 3. d4 cxd4 4. Nxd4 Nf6 5. Nc3 d6 6. Bg5 Bd7 7. Qd3 a6 8. O-O-O e6 9. f4 h6 10. Bh4 g5 11. fxg5 Ng4 12. Kb1 hxg5 13. Bg3 Nce5 14. Qd2 b5 15. Nf3 f6 16. Bd3 Be7 17. Ne2 Rc8 18.
Ned4 Qb6 19. Be2 Nc4 20. Bxc4 bxc4 21. Qc3 Ne5 22. Ne2 Rb8 23. Rhf1 Qb4 24. Qxb4 Rxb4 25. h3 Bc8 26. Nc3 O-O 27. Bf2 Rb8 28. Ba7 Ra8 29.
Be3 Bb7 30. Nxe5 fxe5 31. Rfe1 Rf7 32. Rf1 Raf8 33. Rxf7 Rxf7 34. Kc1 Kg7 35. b3 Kg6 36. bxc4 g4 37. hxg4 Rh7 38. c5 dxc5 39.
Rd7 Bc6 40. Rc7 Bb5 41. Nxb5 axb5 42. Kb2 Rh2 43. Rxe7 Rxg2 44. Rxe6+ Kf7 45. Rxe5 Rxg4 46. Bxc5 Kf6 47. Bd4 Kf7 48. Rxb5 Rxe4 49. Bc3 Ke6 50. Rb4 Re2 51. a4 Kd7 52. a5 Kc6 53. a6 Re7 54.
Bd4 Re8 55. a7 Ra8 56. Rb8 Rxa7 57. Bxa7 Kc7 58. Rb6 Kc8 59. Kc3 1-0

[Event "Early-Titled-Tuesday-Blitz-April-16-2024"]
[Site "Chess.com"]
[Date "2024.04.16"]
[Round "1"]
[White "dontcatchmeifyoucant"]
[Black "Vesper2018"]
[Result "0-1"]
[WhiteElo "2044"]
[BlackElo "2561"]
[TimeControl "180+1"]
[EndTime "8:08:07 PDT"]
[Termination "Vesper2018 won on time"]

1. e4 c5 2. Nf3 d6 3. d4 cxd4 4. Nxd4 Nf6 5. f3 e5 6. Nb3 Be7 7. c4 a5 8. Be3 a4 9. N3d2 Nc6 10. Nc3 a3 11. b3 O-O 12. Bd3 Be6 13. O-O Nd7 14. Rc1 Nd4 15. b4 Bg5 16. Bf2 g6 17. Rb1 f5 18. Nb3 Nc6 19. Nc1 Nb6 20. Nd5 Na4 21. Ne2 Bh6 22. Qb3 Nb2 23. Bb6 Qd7 24. Nc7 Be3+ 25. Bxe3 Qxc7 26. Nc3 Nxd3 27. Nb5 Qf7 28.
Nxd6 Qe7 29. Qxd3 Rfd8 30. c5 Bxa2 31. Ra1 Nxb4 32. Qc3 Ra4 33. exf5 Nd5 34. Qd2 Nxe3 35. Qxe3 Bd5 36. fxg6 a2 37. gxh7+ Kh8 38. Rfe1 Rb4 39. Qc3 Rb3 40. Rxe5 Qxd6 41. Re8+ Kxh7 42. Qh8+ Kg6 43.
Rxd8 Rb1+ 44. Kf2 Qxc5+ 45. Kg3 Qc7+ 46. Kh4 Qc4+ 47. Kg3 Qc7+ 48. f4 Rb3+ 49. Kg4 Be6+ 50. Kh4 Qxf4+ 0-1

[Event "Early-Titled-Tuesday-Blitz-April-16-2024"]
[Site "Chess.com"]
[Date "2024.04.16"]
[Round "1"]
[White "sathvikadiga"]
[Black "ilimchess2"]
[Result "1-0"]
[WhiteElo "2601"]
[BlackElo "2251"]
[TimeControl "180+1"]
[EndTime "8:08:08 PDT"]
[Termination "sathvikadiga won on time"]

1. e4 c5 2. Nf3 d6 3. d4 cxd4 4.
Nxd4 Nf6 5. Nc3 e6 6. Be3 a6 7.
f3 b5 8. a3 Bb7 9. Qd2 Nbd7 10.
O-O-O Rc8 11. g4 Ne5 12. g5 Nfd7 13. f4 Nc4 14. Bxc4 Rxc4 15. Rhe1 Be7 16. f5 e5 17. Nf3 Bxe4 18. Nxe4 Rxe4 19. Qd5 Rxe3 20. Rxe3 Bxg5 21. Nxg5 Qxg5 22. Qd2 O-O 23. Rg3 Qxf5 24.
Qxd6 Rc8 25. Qd3 Qf4+ 26. Kb1 Nf8 27. Rf1 Qc4 28. b3 Qc5 29. Kb2 Ne6 30. Qf5 Rc7 31.
Rf2 g6 32. Qf6 a5 33. Rd3 b4 34. Rfd2 bxa3+ 35. Ka2 Rc8 36. Rd7 Rf8 37. Qf3 a4 38.
Qd3 axb3+ 39. Qxb3 Nd4 40. Qxa3 Qc4+ 41. Kb1 Rb8+ 42. Kc1 Qf1+ 43. Rd1 Qf4+ 44. Rd2 Nf3 45. Qd6 1-0

[Event "Early-Titled-Tuesday-Blitz-April-16-2024"]
[Site "Chess.com"]
[Date "2024.04.16"]
[Round "1"]
[White "Rud_Makarian"]
[Black "Silvederione"]
[Result "1-0"]
[WhiteElo "3022"]
[BlackElo "2522"]
[TimeControl "180+1"]
[EndTime "8:08:10 PDT"]
[Termination "Rud_Makarian won on time"]

1. d4 Nf6 2. c4 g6 3. Nf3 Bg7 4.
Nc3 O-O 5. e4 d6 6. Be2 Na6 7.
O-O e5 8. Be3 exd4 9. Nxd4 Re8 10. f3 Nc5 11. Qd2 a5 12. Rad1 Bd7 13. Kh1 a4 14. Nd5 Nxd5 15. cxd5 h5 16. Rc1 b6 17. Rc2 Qe7 18. Nb5 Rac8 19. Bg5 f6 20. Be3 f5 21. Bg5 Qe5 22. Nc3 fxe4 23. Nxe4 Nxe4 24. fxe4 Qxe4 25. Bd3 Qg4 26. h3 Qg3 27. Bf4 Qh4 28. Bxg6 Rf8 29. Rcc1 Qf6 30. Bxh5 Qxb2 31. Rc2 Qd4 32.
Qxd4 Bxd4 33. Rf3 Bg7 34. Be3 Bf5 35. Rc4 Bd3 36. Rxa4 Ra8 37. Rxf8+ Rxf8 38. Ra7 Rf1+ 39. Kh2 Be5+ 40. g3 Be4 41. Bg1 Rc1 42. h4 Rc2+ 43. Kh3 Bf5+ 44. Bg4 Be4 45. Be6+ Kg7 46. Be3 Bf3 47.
Bf4 Bf6 48. Bxd6 1-0

[Event "Early-Titled-Tuesday-Blitz-April-16-2024"]
[Site "Chess.com"]
[Date "2024.04.16"]
[Round "1"]
[White "Mikhail_Golubev"]
[Black "LegenDaDaDa"]
[Result "1-0"]
[WhiteElo "2609"]
[BlackElo "2284"]
[TimeControl "180+1"]
[EndTime "8:08:10 PDT"]
[Termination "Mikhail_Golubev won by resignation"]

1. e4 e5 2. Nf3 Nc6 3. Bc4 Bc5 4. c3 Nf6 5. d3 d6 6. Nbd2 O-O 7. O-O a6 8. Bb3 Ba7 9. h3 h6 10. Re1 Nh5 11. Nf1 Qf6 12. Ne3 Ne7 13. d4 Ng6 14. Nd5 Qd8 15. Nxe5 dxe5 16. Qxh5 exd4 17. cxd4 Bxd4 18.
Nxc7 Qf6 19. Re2 Rb8 20. Nd5 Qd6 21. Rd2 Ba7 22. Qxg6 Qxg6 23. Ne7+ Kh7 24. Nxg6 fxg6 25. Re2 Bd7 26. Be3 Bb5 27. Ree1 Bxe3 28. Rxe3 Rbe8 29. Rc1 Re7 30. e5 Rfe8 31. e6 Bc6 32. Rd1 b5 33. f3 a5 34. Rd6 Ba8 35. a3 b4 36. axb4 axb4 37. Rb6 h5 38. Rxb4 Ra7 39. Kh2 g5 40. Rb5 Kh6 41. Ree5 Bc6 42. Rbc5 Ba4 43. Bxa4 Rxa4 44. Rxg5 Rxe6 45. Rxh5+ Kg6 46. Rhg5+ Kf7 47. Rg4 Ra2 48. b4 Rb2 49. b5 Ree2 50. Rcg5 Kf6 51.
Rg6+ Ke5 52. Rxg7 Kd5 53. R7g5+ Kd6 54. h4 Ke6 55. h5 Rec2 56. h6 Rc7 57. Rg6+ Ke5 58.
R4g5+ Kd4 59. Rg7 Rc8 60. Rg8 Rc7 61. R5g7 Rcc2 62. h7 Rxb5 63. h8=Q Rcc5 64. Rg5+ Kc4 65. Rxc5+ 1-0

[Event "Early-Titled-Tuesday-Blitz-April-16-2024"]
[Site "Chess.com"]
[Date "2024.04.16"]
[Round "1"]
[White "Hercog"]
[Black "crazy_but_lazy"]
[Result "1-0"]
[WhiteElo "2093"]
[BlackElo "2549"]
[TimeControl "180+1"]
[EndTime "8:08:10 PDT"]
[Termination "Hercog won by resignation"]

1. d4 d5 2. c4 e6 3. Nc3 Nf6 4. cxd5 Nxd5 5. e4 Nxc3 6. bxc3 c5 7. Nf3 cxd4 8. cxd4 Bb4+ 9. Bd2 Bxd2+ 10. Qxd2 Nd7 11. Bc4 b6 12. O-O Bb7 13. Rfe1 O-O 14. Rad1 Rc8 15. Bd3 Re8 16. h3 Qc7 17. Qg5 h6 18. Qh4 Qd8 19. Qg3 Qc7 20. Qh4 Qd8 21. Qg3 Nf6 22. d5 exd5 23. e5 Nd7 24. Nd4 Qg5 25. Qxg5 hxg5 26.
Bf5 Rcd8 27. e6 Nc5 28. e7 Rb8 29. Nb5 Ne4 30. f3 Rxe7 31. fxe4 dxe4 32. Nd6 Bc6 33. Bxe4 Bxe4 34. Rxe4 Rd7 35. Red4 Rc7 36. R1d2 b5 37. Ne4 f6 38. Rd8+ Rxd8 39. Rxd8+ Kf7 40. Kf2 Ke6 41. Kf3 Ke5 42. Rb8 a6 43. Re8+ Kd4 44.
Rd8+ Kc4 45. Rd1 Kb4 46. Rd2 a5 47. Ke3 Re7 48. Kd3 a4 49. Nc3 Rd7+ 50. Kc2 Ra7 51. Rd5 Rb7 52. Kb2 a3+ 53. Kc2 Ka5 54. Kb3 Re7 55. Rxb5+ Ka6 56. Rd5 Re3 57. Rd2 Rg3 58. Kb4 Kb6 59. Nb5 g4 60. hxg4 Rxg4+ 61. Nd4 Kc7 62.
Kxa3 Kd6 63. Kb3 Ke5 64. Nf3+ Kf4 65. a4 Rg3 66. a5 g5 67. Kb4 g4 68. Nd4 Ke3 69. Nf5+ Kxd2 70. Nxg3 1-0

[Event "Early-Titled-Tuesday-Blitz-April-16-2024"]
[Site "Chess.com"]
[Date "2024.04.16"]
[Round "1"]
[White "Aygehovit1992"]
[Black "janhelmer03"]
[Result "1-0"]
[WhiteElo "2744"]
[BlackElo "2428"]
[TimeControl "180+1"]
[EndTime "8:08:11 PDT"]
[Termination "Aygehovit1992 won by resignation"]

1. e4 c5 2. Nf3 d6 3. d4 cxd4 4. Nxd4 Nf6 5. Nc3 g6 6. Be3 Bg7 7. f3 O-O 8. Qd2 Nc6 9. O-O-O d5 10. exd5 Nxd5 11. Nxc6 bxc6 12. Bd4 e5 13. Bc5 Re8 14.
Bc4 Qh4 15. Nxd5 Qxc4 16. Ne7+ Rxe7 17. Bxe7 Bf5 18. Kb1 h5 19. b3 Qb5 20. Qc3 a5 21. a4 Qb7 22. Rd8+ Rxd8 23. Bxd8 Qd7 24. Bg5 Qd6 25. Ka2 e4 26. Qd2 Qe6 27. fxe4 Qe5 28. c3 Be6 29. Re1 c5 30. Bf4 Qf6 31. e5 Qf5 32. c4 g5 33. Bxg5 Bxe5 34. Bh6 Kh7 35. Be3 Bg7 36. Bg1 Qf6 37. Bxc5 Bf5 38. Ba3 Qb6 39. Bb2 Bf8 40. Qc3 f6 41. Qxf6 Qxf6 42.
Bxf6 Bb4 43. Rf1 Kg6 44. Bb2 Bd3 45. Rf2 Be4 46. g3 Bc5 47. Re2 Kf5 48. Re1 Bb4 49. Rf1+ Kg4 50. Rc1 Kh3 51. Bc3 Kxh2 52. Bxb4 axb4 53.
c5 Kxg3 54. c6 h4 55. c7 Bb7 56. c8=Q Bxc8 57. Rxc8 h3 58. Rg8+ 1-0

[Event "Early-Titled-Tuesday-Blitz-April-16-2024"]
[Site "Chess.com"]
[Date "2024.04.16"]
[Round "1"]
[White "KorolDimitriy75"]
[Black "tetrix83"]
[Result "0-1"]
[WhiteElo "2315"]
[BlackElo "2622"]
[TimeControl "180+1"]
[EndTime "8:08:11 PDT"]
[Termination "tetrix83 won by resignation"]

1. d4 Nf6 2. c4 g6 3. Nc3 Bg7 4. e4 O-O 5. Nf3 d6 6. Be2 e5 7. dxe5 dxe5 8. Qxd8 Rxd8 9. Bg5 Re8 10. O-O-O h6 11. Bh4 Na6 12. Ne1 Nc5 13. f3 c6 14.
Nc2 Nh5 15. Bf2 Ne6 16. Rd2 Nhf4 17. Bf1 f5 18. g3 Nh5 19. Be2 Nf6 20. Rhd1 fxe4 21.
Nxe4 Nxe4 22. fxe4 Ng5 23. Rd8 Bh3 24. Rxa8 Rxa8 25.
Bd3 Bg4 26. Rf1 Rd8 27. Ne1 b6 28. Kc2 Bh3 29. Rg1 Rf8 30. Be3 Ne6 31. Kd2 Nd4 32. b3 h5 33. Be2 Kh7 34. Nc2 Nxe2 35. Kxe2 Bg4+ 36. Kd2 Rd8+ 37. Kc3 Bf3 38. Re1 Bxe4 39. Nb4 c5 40. Na6 Rd3+ 41. Kb2 Bf5 42. Nc7 e4+ 43. Ka3 Bd4 44. Bf4 e3 45. Nd5 Rd2 46. Nxe3 Rxh2 47. Nxf5 gxf5 48. Re7+ Kg6 49. Rxa7 h4 50. gxh4 Rxh4 51.
Bc7 f4 52. Bxb6 f3 53. Ra8 f2 54. Rf8 Bf6 55. Bd8 Rf4 56. Bxf6 Rxf6 57. Rxf6+ Kxf6 0-1

[Event "Early-Titled-Tuesday-Blitz-April-16-2024"]
[Site "Chess.com"]
[Date "2024.04.16"]
[Round "1"]
[White "Herzog2012"]
[Black "Beca95"]
[Result "1-0"]
[WhiteElo "2513"]
[BlackElo "2870"]
[TimeControl "180+1"]
[EndTime "8:08:12 PDT"]
[Termination "Herzog2012 won by resignation"]

1. e4 e5 2. Nf3 Nc6 3. Bc4 Bc5 4. c3 Nf6 5. d3 h6 6. b4 Be7 7. O-O d6 8. h3 O-O 9. a4 a5 10. b5 Nb8 11. Nbd2 c6 12. Re1 Nbd7 13. Nf1 d5 14. Ba2 Bd6 15. Ng3 Re8 16. Nh4 Bf8 17. Nhf5 Kh7 18. Qf3 g6 19. Ne3 dxe4 20. Nxe4 Kg7 21.
Ng4 g5 22. Nxh6 Kxh6 23. Bxg5+ Kg6 24. Bxf6 Nxf6 25. Qg3+ Ng4 26. hxg4 Be6 27. Bxe6 Rxe6 28. Qh3 Kg7 29. g5 Be7 30. Re3 cxb5 31. Rf3 Qh8 32. Rxf7+ Kxf7 33. Qf5+ Bf6 34. gxf6 Rxf6 35. Nxf6 Qxf6 36.
Qd7+ Qe7 37. Qxb5 Rh8 38. Re1 Qh4 39. Qd5+ Kf8 40. Qd6+ Kf7 41. Qd7+ Kf8 42. Qf5+ Kg8 43. Qg6+ Kf8 44. Qf5+ Kg8 45. Kf1 Rh5 46. Qe6+ Kg7 47. g3 Qxa4 48. Kg2 Qc6+ 49. Qxc6 bxc6 50. Ra1 e4 51. dxe4 Rc5 52. f4 Kf6 53. e5+ Kf5 54. Ra4 Rd5 55. Kf3 Rd3+ 56. Kf2 Rxc3 57. Rxa5 c5 58.
Ra8 Ke4 59. e6 Rc2+ 60. Ke1 Kd3 61. Kf1 Rc1+ 62. Kf2 Rc2+ 63. Kf3 Rc3 64. e7 Kc2+ 65. Kg4 Re3 66. e8=Q Rxe8 67. Rxe8 1-0

[Event "Early-Titled-Tuesday-Blitz-April-16-2024"]
[Site "Chess.com"]
[Date "2024.04.16"]
[Round "1"]
[White "AlexPapasimakopoulos"]
[Black "Tol_Tol"]
[Result "1/2-1/2"]
[WhiteElo "2715"]
[BlackElo "2429"]
[TimeControl "180+1"]
[EndTime "8:08:12 PDT"]
[Termination "Game drawn by repetition"]

1. d4 Nf6 2. c4 g6 3. Nc3 Bg7 4. Bg5 O-O 5. Nf3 d6 6. e3 c5 7. d5 h6 8. Bh4 e6 9. Be2 exd5 10. cxd5 a6 11. a4 Bg4 12. Nd2 Bxe2 13. Qxe2 Nbd7 14. Nc4 Nb6 15. Rd1 Nxc4 16. Qxc4 Re8 17. O-O Qa5 18.
Bg3 Qb4 19. b3 Nh5 20. Qxb4 cxb4 21. Na2 Nxg3 22. hxg3 a5 23. Rc1 Rac8 24. Rfd1 Bb2 25. Rb1 Rc2 26. Nc1 Bxc1 27. Rdxc1 Rec8 28. Rxc2 Rxc2 29. g4 Kg7 30. Kf1 Kf6 31. f4 h5 32.
gxh5 gxh5 33. e4 h4 34. Rd1 Rc3 35. e5+ Ke7 36. Rb1 Rd3 37. Ke2 Rxd5 38. exd6+ Kxd6 39. Rh1 Rh5 40. g4 Rh8 41. Rh3 Kd5 42. Kd3 Kc5 43.
g5 b5 44. axb5 Kxb5 45. f5 a4 46. bxa4+ Kxa4 47. Kc2 Rh5 48. g6 fxg6 49. fxg6 Rg5 50. Rxh4 Rg2+ 51. Kb1 Rxg6 52. Rh3 Rg1+ 53. Kb2 Rg2+ 54.
Kb1 Rf2 55. Rg3 Rh2 56. Rf3 Rg2 57. Rh3 Rf2 58. Rg3 Rh2 59. Rf3 Rg2 60. Rh3 1/2-1/2